 Dungeon Crawl Stone Soup version 0.30-a0-777-ga9a30cbeda (webtiles) character file.

Game seed: 6909285479257139428

142 bande the Covered (level 5, -3/33 HPs)
             Began as a Gargoyle Fighter on Feb 14, 2023.
             Splashed by a jelly's acid (9 damage)
             ... in a sewer.
             The game lasted 00:03:55 (1687 turns).

bande the Covered (Gargoyle Fighter)                Turns: 1687, Time: 00:03:57

Health: -3/33      AC:  3    Str: 19    XL:     5   Next: 25%
Magic:  5/5        EV:  9    Int:  9    God:
Gold:   48         SH:  4    Dex: 11    Spells: 4/4 levels left

rFire   . . .      SeeInvis .    a - +0 war axe
rCold   . . .      Faith    .    c - +0 buckler
rNeg    + . .      Spirit   .    b - +0 scale mail
rPois   ∞          Reflect  .    (no helmet)
rElec   +          Harm     .    (no cloak)
rCorr   .          Rampage  .    (no gloves)
Will    .....                    (no boots) Stlth
                                 (no amulet)
HPRegen 0.25/turn                (no ring)
MPRegen 0.09/turn                (no ring)

@: corroded, very slow
A: sickness immunity, AC +4, negative energy resistance 1, electricity
resistance, torment resistance 1, petrification resistance
a: no special abilities


You were in a sewer.
You visited 1 branch of the dungeon, and saw 4 of its levels.
You also visited: Sewer.

You collected 48 gold pieces.

Inventory:

Hand Weapons
 a - a +0 war axe (weapon)
 m - a +0 flail
Armour
 b - a +0 scale mail (worn)
 c - a +0 buckler (worn)
Scrolls
 f - a scroll of enchant weapon {unknown}
 h - a scroll of amnesia {unknown}
 i - 3 scrolls of identify {unknown}
 j - a scroll of enchant armour {unknown}
 k - a scroll of immolation {unknown}
 l - a scroll of noise {unknown}
Potions
 d - a potion of might
 e - 2 potions of heal wounds {unknown}
 g - 2 potions of curing {unknown}


   Skills:
 + Level 3.8 Fighting
 + Level 3.4 Axes
 + Level 4.2 Armour
 - Level 0.1 Dodging
 + Level 3.9 Shields


You had 4 spell levels left.
You didn't know any spells.
Your spell library contained the following spells:

 Spells                   Type           Power      Damage    Failure   Level
 Foxfire                  Conj/Fire      0%         2x1d4     83%         1
 Fireball                 Conj/Fire      0%         3d3       100%        5
 Starburst                Conj/Fire      0%         6d3       100%        6


Dungeon Overview and Level Annotations

Branches:
Dungeon (4/15)              Sewer (1/1)
 Temple: D:4-7

Altars:
Cheibriados

Shops:
D:3 !


Innate Abilities, Weirdness & Mutations

You are immune to sickness and miasma.
Your stone body is resilient. (AC +4)
You are immune to poison.
You resist negative energy. (rN+)
You are resistant to electric shocks. (rElec)
You are resistant to unholy torment.
You are immune to petrification.


Message History

The jelly quivers. x2
Found a coppery potion.
The giant cockroach closely misses you.
You hit the giant cockroach.
You kill the giant cockroach!
You enter the shallow water.
Moving in this stuff is going to be slow.
Found a potion of might and a smoky white potion.
Found a shimmering altar of Xom.
Your unstable footing causes you to fumble your attack.
The jelly hits you but does no damage. The jelly closely misses you.
You slash the jelly!
Your hands burn!
The jelly is heavily wounded.
You hit the jelly. The acid corrodes you!
Your hands burn!
You block the jelly's attack. The jelly hits you but does no damage.
You block the jelly's attack. The jelly hits you.
You are splashed with acid!
You are too injured to fight recklessly!
You are too injured to fight recklessly!
You are too injured to fight recklessly!
You are too injured to fight recklessly!
You are too injured to fight recklessly!
You are too injured to fight recklessly!
You are too injured to fight recklessly!
You are too injured to fight recklessly!
Unknown command.
You hit the jelly.
Your hands burn!
The jelly is heavily wounded.
You barely miss the jelly. The jelly closely misses you.
The jelly hits you but does no damage.
Your unstable footing causes you to fumble your attack.
The jelly hits you but does no damage. The jelly closely misses you.
You block the jelly's attack. x2
Unknown command.
You hit the jelly but do no damage.
Your hands burn!
The jelly is heavily wounded.
You hit the jelly.
Your hands burn!
* * * LOW HITPOINT WARNING * * *
The jelly hits you but does no damage. The jelly hits you.
* * * LOW HITPOINT WARNING * * *
The acid corrodes you!
You are splashed with acid!
You die...

## ~~. ~~# ##..#####
# ~~.##.~~#~~~~##
~####
#~..#~~.~~~.~∩##
.~..!
#.~.~.~~~##~.~#
.~..._ #~~..~~ #..#
#~~..!! #.~~.##
#..##J~...#
##†††~~## ##~..@J~#
##~.~†...###~....~##
#~~~~##~~~.~.~~####
~~~~####~.~..~##
..~## ##~.#### ~###
#~.# ## ~~.~# #
#~~~## # #####


You could see 2 jellies.

Vanquished Creatures
  A hound (D:4)
  4 adders
  2 worms (Sewer)
  2 dart slugs
  3 orcs (D:3)
  10 endoplasms
  6 giant cockroaches
  8 goblins
  2 hobgoblins
  5 kobolds
  A quokka (D:1)
  3 ball pythons
  3 bats
  5 frilled lizards
  6 rats
61 creatures vanquished.

Vanquished Creatures (others)
  4 plants (D:1)
4 creatures vanquished.

Grand Total: 65 creatures vanquished

Notes
Turn   | Place    | Note
-------+----------+-------------------------------------------
     0 | D:1      | bande the Gargoyle Fighter began the quest for the Orb.
     0 | D:1      | Reached XP level 1. HP: 14/14 MP: 1/1
    65 | D:1      | Reached XP level 2. HP: 19/19 MP: 2/2
   553 | D:1      | Reached XP level 3. HP: 22/23 MP: 3/3
  1026 | D:2      | You fall into a shaft and drop 2 floors!
  1058 | D:4      | Reached XP level 4. HP: 23/29 MP: 4/4
  1211 | D:3      | Reached skill level 4 in Armour
  1302 | D:3      | Found Xezxef's Distillery.
  1384 | D:3      | Found a snail-covered altar of Cheibriados.
  1499 | D:3      | Found a glowing drain.
  1505 | D:3      | Reached XP level 5. HP: 33/33 MP: 5/5
  1513 | Sewer    | Entered a sewer
  1682 | Sewer    | Found a shimmering altar of Xom.
  1687 | Sewer    | Splashed by a jelly's acid

Illustrated notes

Levels and vault maps discovered:
D:1:      dpeg_arrival_boxorama, layout_rooms, serial_forest,
          infiniplex_forest_straight_4, infiniplex_forest_clump_tiny,
          infiniplex_forest_corner_1, infiniplex_forest_clump_double,
          infiniplex_forest_straight_1, infiniplex_forest_lined_room_2,
          infiniplex_forest_lined_2, infiniplex_forest_lined_corner,
          infiniplex_forest_straight_3
D:2:      layout_basic, serial_glass, glass_columns_b, glass_columns_c,
          kennysheep_generic_room_16
D:3:      layout_loops_ring, nicolae_ru_the_path_less_chosen,
          nicolae_overflow_hallway_of_the_gods, portal_sewer_entry_d,
          serial_shops, shop, amethyst_killhole
D:4:      layout_basic, minmay_temple_entry_mist
Sewer:    sewer_hellmonk_slimy_pipes

Skill      XL: |  1  2  3  4 |
---------------+-------------+-----
Axes           | 2 3 |  3.4
Armour         | 4 |  4.2
Fighting       | |  3.8
Dodging        | |  0.1
Shields        | |  3.9

Action                     |  1- 3 |  4- 6 || total
---------------------------+-------+-------++-------
  Melee: War axe           |   120 |   112 ||   232
 Armour: Scale mail        |    80 |    58 ||   138
  Dodge: Dodged            |    45 |    58 ||   103
  Block: Buckler           |    35 |    31 ||    66

Table legend: (Time is in decaauts)
 A = Elapsed time spent in this place.
 B = Non-inter-level travel time spent in this place.
 C = Inter-level travel time spent in this place.
 D = Time resting spent in this place.
 E = Time spent auto-exploring this place.
 F = Levels seen in this place.
 G = Mean time per level.
                   A        B        C        D        E       F      G
               +--------+--------+--------+--------+--------+-----+--------+
         Total |   1794 |   1757 |     37 |    165 |    734 |   5 |  358.8 |
       Dungeon |   1584 |   1547 |     37 |    165 |    653 |   4 |  396.0 |
         Sewer |    209 |    209 |      0 |      0 |     81 |   1 |  209.0 |
               +--------+--------+--------+--------+--------+-----+--------+

Top non-repeatable levels by time:
     D:1: 777 daAuts
     D:3: 438 daAuts
     D:2: 294 daAuts
   Sewer: 209 daAuts
     D:4: 74 daAuts
